AoeStats
← impossible

Arena

510466910Analyzed
1v1 RM · 3d ago on Oct 1, 2026· 39m 19s· 2 players
Game mode
Random Map
Map size
Tiny (2 player)
Population
200
Speed
Normal
Resources
Standard
Victory
Conquest
Starting age
Dark Age
Ending age
Imperial Age
RankedLock teamsTeams togetherTeam positionsShared explorationLock speedFull tech treeHidden civsTurbo modeCheats
Victory
Defeat
🇺🇾 Bohemians · Uruguay
1578
+13
🇷🇺 Britons · Russia
1503
-38
|FMG| twitch/JabsUY
10:06 Feudal Age
13:46 Castle Age
11:38 Double-Bit Axe
12:26 Horse Collar
15:06 Wheelbarrow
15:53 Bow Saw
18:18 Loom
19:03 Fervor
20:01 Fortified Wall
20:57 Padded Archer Armor
20:48 Fletching
21:53 Fletching
21:35 Elite Skirmisher
23:56 Leather Archer Armor
25:57 Bodkin Arrow
31:21 Imperial Age
30:44 Chemistry
30:30 Ballistics
32:15 Bracer
32:59 Conscription
34:37 Ring Archer Armor
impossible
9:56 Feudal Age
14:16 Castle Age
14:00 Double-Bit Axe
14:12 Stone Mining
17:43 Loom
18:28 Fletching
19:42 Gold Mining
23:04 Bodkin Arrow
23:29 Padded Archer Armor
25:48 Gold Shaft Mining
33:46 Imperial Age
31:28 Town Watch
33:41 Leather Archer Armor
33:48 Ballistics
34:31 Bracer
36:30 Chemistry
38:05 Chemistry
37:25 Ballistics
Connection lost

Rejoining the realm…

Still unreachable

The connection could not be restored.

Session expired

The server has moved on; the page needs a fresh start.